 Dungeon Crawl Stone Soup version 0.30-a0-50-gb2d611f6b1 (webtiles) character file.

Game seed: 6794854706162072916

1332 ytrimaz the Fighter (level 8, -2/71 HPs)
             Began as a Demonspawn Berserker on Sept 4, 2022.
             Was a Believer of Trog.
             Killed by divine providence
             ... invoked by an orc priest
              (12 damage)
             ... on level 6 of the Dungeon.
             The game lasted 00:06:33 (6522 turns).

ytrimaz the Fighter (Demonspawn Berserker)          Turns: 6522, Time: 00:06:34

Health: -2/71      AC:  4    Str: 19    XL:     8   Next: 34%
Magic:  8/8        EV: 12    Int:  8    God:    Trog [**....]
Gold:   107        SH:  0    Dex: 14    Spells: 7/7 levels left

rFire   . . .      SeeInvis +    a - +0 hand axe (chaos) {axe}
rCold   . . .      Faith    .    (no shield)
rNeg    . . .      Spirit   .    b - +1 animal skin
rPois   .          Reflect  .    (helmet restricted)
rElec   .          Harm     .    l - +0 cloak
rCorr   .          Rampage  .    (no gloves)
Will    .....                    (no boots)
Stlth   +.........               q - amulet of regeneration {@e2}
HPRegen 1.01/turn                e - ring of see invisible
MPRegen 0.22/turn                (no ring)

@: on berserk cooldown, hasted and slowed, studying Invocations
A: horns 1, ignite blood 1, magic regeneration
a: Renounce Religion, Berserk, Trog's Hand


You were on level 6 of the Dungeon.
You worshipped Trog.
Trog was pleased with you.
You visited 1 branch of the dungeon, and saw 6 of its levels.

You collected 211 gold pieces.
You spent 104 gold pieces at shops.


Innate Abilities, Weirdness & Mutations

You have a pair of small horns on your head.
Your demonic aura sometimes causes spilled blood to erupt in flames.
You regenerate magic rapidly.


   Skills:
 + Level 9.2 Fighting
 + Level 5.6 Axes
 - Level 1.7 Armour
 - Level 1.7 Dodging


You had 7 spell levels left.
You didn't know any spells.
Your spell library contained the following spells:

 Spells                   Type           Power      Damage    Failure   Level
 Slow                     Hex            0%         N/A       41%         1
 Sublimation of Blood     Necr           0%         N/A       54%         2
 Confusing Touch          Hex            0%         N/A       78%         3
 Dazzling Flash           Conj/Hex       0%         N/A       78%         3
 Gell's Gravitas          Tloc           0%         N/A       78%         3
 Lesser Beckoning         Tloc           0%         N/A       78%         3
 Teleport Other           Tloc           0%         N/A       78%         3
 Vampiric Draining        Necr           0%         2d6       78%         3
 Iskenderun's Mystic Bla  Conj/Tloc      0%         2d3       99%         4
 Petrify                  Tmut/Erth      0%         N/A       99%         4
 Irradiate                Conj/Tmut      0%         3d11      100%        5
 Dispersal                Tloc           0%         N/A       100%        6
 Starburst                Conj/Fire      0%         6d3       100%        6

Inventory:

Hand Weapons
 a - a +0 hand axe of chaos (weapon) {axe}
Missiles
 d - 81 stones (quivered) {throwing}
 r - 4 poisoned darts {throwing}
 x - 2 boomerangs {throwing}
Armour
 b - a +1 animal skin (worn)
 c - a +0 kite shield
   (You found it on level 2 of the Dungeon)
 i - a +0 chain mail
   (You took it off Terence on level 2 of the Dungeon)
 l - a +0 cloak (worn)
   (You found it on level 1 of the Dungeon)
Jewellery
 e - a ring of see invisible (left hand)
   (You found it on level 1 of the Dungeon)
 q - an amulet of regeneration (around neck) {@e2}
   (You found it on level 6 of the Dungeon)
Scrolls
 n - 8 scrolls of teleportation {@r4}
 t - 2 scrolls of fear
 u - a scroll of identify {@r1}
 v - a scroll of enchant armour
Potions
 g - a potion of might {unknown}
 h - 2 potions of magic
 j - 3 potions of curing {@q1}
 k - a potion of brilliance {unknown}
 m - 3 potions of heal wounds {@q2}
 o - a potion of ambrosia {unknown}
 p - 4 potions of mutation {!q}
 s - 2 potions of berserk rage {!q}
 w - a potion of cancellation {unknown}

Dungeon Overview and Level Annotations

Branches:
Dungeon (6/15) Zot: 26827
 Temple: D:4-7

Altars:
Dithmenos
Ru
Trog
Uskayaw
Yredelemnul

Shops:
D:5 *

Annotations:
D:5 1 runed translucent door, logorrheac's ghost, novice GnWn
D:6 Sigmund

##.#....... ....
....#.........##....
##................W..
#..................##
##....................
..................o.#
...................o
#.##......oO@....o.o
##.#._.....s##5......
#...##........o.....#
.####..####..##o..#....#
......##.##.## o.@#o)...
.#..........###.........
#####......... o........
..###..###... .....!.#.
...##.###..#.# ......:


You could see an orc warrior, an ogre (strong, agile), a phantom, Sigmund, a
scorpion, 2 orc priests, an orc wizard (wandering), 3 orcs and an ufetubus.


Message History

The sky beast closely misses you. 😮 HP[+1] Unknown command.
Press < or > to pray at altars.
You are too injured to fight recklessly!
You closely miss the sky beast. You headbutt the sky beast. 😮 HP[+1]
You are too injured to fight recklessly!
You miss the sky beast. The sky beast closely misses you.
Unknown command.
Press < or > to pray at altars.
You closely miss the sky beast. The sky beast hits you.
The sky beast shocks you.
You are too injured to fight recklessly! 😮 HP[-6]
You take 6 damage, and now have 68/106 hp.
You miss the sky beast. You headbutt the sky beast.
You kill the sky beast!
Trog accepts your kill. 😮 HP[+1]
You are too injured to fight recklessly!
Unknown command.
Press < or > to pray at altars. 😮 HP[+1]
You are too injured to fight recklessly!
You feel a strong urge to attack something.
Unknown command.
You are no longer berserk.
You are exhausted.
You feel yourself slow down. 😮 HP[-23]
You now have 71 max hp (-35). 😮 HP[+2]
You regained 2 hp, and now have 49/71 hp.
An orc comes into view.
It is wielding a +0 short sword. 😮 HP[+2]
You regained 2 hp, and now have 51/71 hp.
An orc is nearby!
An orc is nearby!
Unknown command. 3 orcs come into view.
The orc shouts! x3; You hear a shout! x2
An orc warrior comes into view. It is wielding a +0 short sword.
A scorpion comes into view.
An ogre comes into view. It is wielding a +0 giant spiked club.
The orc moves out of view.
The orc warrior shouts! 😮 HP[+1] 😕 HP[+2]
You regained 2 hp, and now have 54/71 hp.
You feel yourself speed up. The ogre barely misses you.
An ufetubus comes into view.
Sigmund the Dreaded comes into view.
He is wielding a +0 scythe. 😕 HP[+1]
Okay, then.
Sigmund shouts!
You hit the ogre but do no damage.
The ogre seems to grow stronger.
You hear a shout! x3
The ogre closely misses you. 😕 HP[+1]
You hit the ogre but do no damage. You headbutt the ogre.
The ogre hits you with a +0 giant spiked club!!!
Ouch! That really hurt!
* * * LOW HITPOINT WARNING * * *
You hear a shout! x2 😱 HP[-48]
You take 48 damage, and now have 8/71 hp.
MASSIVE DAMAGE!! (PAUSE)
You hit the ogre.
The ogre suddenly seems more agile.
Your headbutt misses the ogre.
The scorpion barely misses you. 😱 HP[+1] Unknown command.
Unknown command.
The orc shouts!
The ufetubus hits you but does no damage. x2
Sigmund says, "You will soon forget everything."
The scorpion barely misses you. 😱 HP[+1] Unknown command.
The scorpion attacks as you move away! The scorpion barely misses you.
The ufetubus attacks as you move away! The ufetubus hits you.
* * * LOW HITPOINT WARNING * * *
The ufetubus barely misses you.
An orc priest comes into view. It is wielding a +0 dagger.
The orc priest shouts!
A phantom comes into view.
An orc comes into view. It is wielding a +0 hand axe. 😱 HP[-1]
You take 1 damage, and now have 9/71 hp.
Unknown command.
An orc priest comes into view. It is wielding a +0 club.
The orc priest shouts!
The ufetubus barely misses you.
The ufetubus hits you but does no damage.
An orc wizard comes into view. It is wielding a +0 dagger.
The orc priest mumbles some strange prayers to Beogh against you.
You struggle to resist.
The orc priest invokes the aid of Beogh against you.
Beogh smites you!
You die...

Skill      XL: |  1  2  3  4  5  6  7  8 |
---------------+-------------------------+-----
Axes           | 3 4 5 |  5.6
Fighting       | 4 6 7 8 9 |  9.2
Armour         | |  1.7
Dodging        | |  1.7

Action                   |  1- 3 |  4- 6 |  7- 9 || total
-------------------------+-------+-------+-------++-------
Melee: Hand axe          |    74 |   118 |   102 ||   294
       Headbutt          |     3 |    27 |    20 ||    50
       Punch             |       |     1 |       ||     1
Invok: Berserk           |     1 |     1 |     4 ||     6
       Trog's Hand       |       |     1 |       ||     1
  Use: Scroll            |     5 |     5 |     4 ||    14
       Potion            |       |     1 |     1 ||     2
 Stab: Sleeping          |     3 |     3 |     1 ||     7
       Distracted        |       |     1 |       ||     1
       Confused          |       |     1 |       ||     1
       Paralysed         |       |       |     1 ||     1
Armor: Animal skin       |    18 |    31 |    26 ||    75
Dodge: Dodged            |    51 |   105 |    74 ||   230

Levels and vault maps discovered:
D:1:      minmay_arrival_glassed_features, layout_basic, minmay_tetromino_o2
D:2:      minmay_skewed_foursquare, layout_basic, hex_medium,
          roderic_serpentine_path, uniq_terence
D:3:      layout_basic, nicolae_overflow_crystal_walls, nicolae_ru_awakened_eye
D:4:      layout_basic, lemuel_zombie_altar_yredelemnul,
          mainiacjoe_overflow_chevrons, corexii_checkpoint_a,
          minmay_manual_mares
D:5:      layout_rooms, ebering_ghost_reflecting_pool, st_stairs_14,
          dk_noncrumbling_3, kennysheep_small_square
D:6:      layout_cave_pools, amcnicky_altar_gilded, overflow_temple_1_default,
          mainiacjoe_overflow_brackets, portal_sewer_entry_e, uniq_sigmund

Notes
Turn   | Place    | Note
-------+----------+-------------------------------------------
     0 | D:1      | ytrimaz the Demonspawn Berserker began the quest for the
                  | Orb.
     0 | D:1      | Reached XP level 1. HP: 18/18 MP: 1/1
     0 | D:1      | magus.rc [v1.9.6]
   305 | D:1      | Reached skill level 3 in Axes
   312 | D:1      | Gained mutation: Your demonic aura sometimes causes spilled
                  | blood to erupt in flames. [demonic ancestry]
   312 | D:1      | Reached XP level 2. HP: 24/24 MP: 2/2
   570 | D:1      | You pick up a book of Alchemy {forbidden} and begin
                  | reading...
   570 | D:1      | You add the spells Sublimation of Blood, Petrify and
                  | Irradiate to your library.
   810 | D:1      | You pick up a book of Debilitation {forbidden} and begin
                  | reading...
   810 | D:1      | You add the spells Slow, Vampiric Draining and Confusing
                  | Touch to your library.
  1391 | D:2      | Gained mutation: You have a pair of small horns on your
                  | head. [demonic ancestry]
  1391 | D:2      | Reached XP level 3. HP: 27/30 MP: 3/3
  1454 | D:2      | Reached ** piety under Trog
  1584 | D:2      | You pick up a book of Spectacle {forbidden} and begin
                  | reading...
  1584 | D:2      | You add the spells Dazzling Flash, Iskenderun's Mystic
                  | Blast and Starburst to your library.
  1629 | D:2      | Noticed Terence
  1633 | D:2      | Killed Terence
  1634 | D:2      | Reached skill level 4 in Fighting
  1634 | D:2      | Reached XP level 4. HP: 37/37 MP: 4/4
  2510 | D:3      | Found a sacrificial altar of Ru.
  2637 | D:3      | Noticed a necrophage
  2648 | D:3      | Killed a necrophage
  2649 | D:3      | Reached skill level 4 in Axes
  2649 | D:3      | Gained mutation: You regenerate magic rapidly. [demonic
                  | ancestry]
  2649 | D:3      | Reached XP level 5. HP: 39/43 MP: 5/5
  2713 | D:3      | You pick up a book of Displacement {forbidden} and begin
                  | reading...
  2713 | D:3      | You add the spells Lesser Beckoning, Gell's Gravitas and
                  | Teleport Other to your library.
  2964 | D:3      | Found a shadowy altar of Dithmenos.
  3134 | D:3      | Reached skill level 5 in Fighting
  3709 | D:4      | Noticed a black bear
  3718 | D:4      | Killed a black bear
  3719 | D:4      | Reached skill level 6 in Fighting
  3719 | D:4      | Reached XP level 6. HP: 35/52 MP: 6/6
  3828 | D:4      | HP: 13/52 [centaur/arrow (2)]
  3832 | D:4      | HP: 4/52 [centaur (3)]
  3833 | D:4      | HP: 1/52 [adder (4)]
  4314 | D:4      | Found a bloodstained altar of Trog.
  4893 | D:4      | Reached skill level 7 in Fighting
  4965 | D:4      | Reached XP level 7. HP: 49/60 MP: 7/7
  4970 | D:4      | Found a basalt altar of Yredelemnul.
  5269 | D:5      | Entered Level 5 of the Dungeon
  5269 | D:5      | Found a runed translucent door.
  5271 | D:5      | Noticed logorrheac's ghost (novice GnWn)
  5307 | D:5      | Reached skill level 8 in Fighting
  5751 | D:5      | Reached XP level 8. HP: 37/69 MP: 8/8
  5924 | D:5      | Found Reewaasu's General Store.
  5932 | D:5      | Reached skill level 5 in Axes
  5941 | D:5      | Bought a potion of mutation for 104 gold pieces
  6367 | D:6      | Found a hide-covered altar of Uskayaw.
  6376 | D:6      | Reached skill level 9 in Fighting
  6516 | D:6      | Noticed Sigmund
  6518 | D:6      | HP: 8/71 [ogre/+0 giant spiked club (49)]
  6522 | D:6      | Killed from afar by an orc priest

Vanquished Creatures
  A black bear (D:4)
  2 ice beasts (D:5)
  A sky beast (D:6)
  2 centaurs (D:4)
  A phantom (D:5)
  A necrophage (D:3)
  2 scorpions
  A howler monkey (D:5)
  A centaur zombie (D:4)
  5 hounds
  3 iguanas
  3 jellies
  Terence (D:2)
  A scorpion zombie (D:4)
  2 orc wizards (D:5)
  5 adders
  2 shadow imps
  A white imp (D:6)
  A worm (D:2)
  A dart slug (D:1)
  9 orcs
  3 bats
  9 endoplasms
  3 giant cockroaches
  6 goblins
  4 hobgoblins
  3 quokkas
  5 ball pythons
  5 frilled lizards
  4 kobolds
  7 rats
95 creatures vanquished.

Table legend:
 A = Non-vault XP
 B = Vault XP
 C = Vault XP percentage of total XP
 D = Non-vault monster count
 E = Vault monster count
 F = Vault count percentage of total count
                 A         B        C        D         E       F
            +---------+---------+-------+---------+---------+-------
      Total |    1521 |     382 |  20.1 |      79 |      16 |  16.8
            +---------+---------+-------+---------+---------+-------
        D:1 |      29 |       1 |   3.3 |      18 |       1 |   5.3
        D:2 |      37 |      49 |  57.0 |      15 |       5 |  25.0
        D:3 |     199 |       0 |   0.0 |      15 |       0 |   0.0
        D:4 |     304 |     192 |  38.7 |       9 |       6 |  40.0
        D:5 |     634 |     140 |  18.1 |      15 |       4 |  21.1
        D:6 |     318 |       0 |   0.0 |       7 |       0 |   0.0
            +---------+---------+-------+---------+---------+-------

Illustrated notes

Table legend:
 A = Kills in this place as a percentage of kills in entire the game.
 B = Kills by you in this place as a percentage of kills by you in the entire game.
 C = Kills by friends in this place as a percentage of kills by friends in the entire game.
 D = Other kills in this place as a percentage of other kills in the entire game.
 E = Experience gained in this place as a percentage of experience gained in the entire game.
 F = Experience gained in this place divided by the number of levels of this place that you have seen.
                   A       B       C       D       E      F
               +-------+-------+-------+-------+-------+----------------------
         Total | 100.0 | 100.0 |   N/A |   N/A | 100.0 | 317.2
       Dungeon | 100.0 | 100.0 |   N/A |   N/A | 100.0 | 317.2
               +-------+-------+-------+-------+-------+----------------------

Table legend: (Time is in decaauts)
 A = Elapsed time spent in this place.
 B = Non-inter-level travel time spent in this place.
 C = Inter-level travel time spent in this place.
 D = Time resting spent in this place.
 E = Time spent auto-exploring this place.
 F = Levels seen in this place.
 G = Mean time per level.
                   A        B        C        D        E       F      G
               +--------+--------+--------+--------+--------+-----+--------+
         Total |   6600 |   6375 |    225 |      0 |   5409 |   6 | 1100.0 |
       Dungeon |   6600 |   6375 |    225 |      0 |   5409 |   6 | 1100.0 |
               +--------+--------+--------+--------+--------+-----+--------+

Top non-repeatable levels by time:
     D:4: 1663 daAuts
     D:1: 1361 daAuts
     D:2: 1161 daAuts
     D:3: 1129 daAuts
     D:5: 1113 daAuts
     D:6: 171 daAuts
